Map: Shrines of Lizul

Players

HakanSlash

  • Race: Protoss Protoss
  • League: Diamond
  • Spawn Location: 3:00

eMercury

  • Race: Zerg Zerg
  • League: Master
  • Spawn Location: 12:00

PupuDede - Winner!

  • Race: Zerg Zerg
  • Spawn Location: 9:00

PureLegacy - Winner!

  • Race: Terran Terran
  • Spawn Location: 6:00

VOD

Have the link to the VOD?

Description

Time

  • Played on: Nov. 28, 2018, 8:34 a.m.
  • Length: 6:22
Show
View Real Time Build Order
Export as new Build Order

HakanSlash Protoss 

Build Orders: Oracle Opening 

Get SALT Encoding   

  12  0:03  Probe  
  13  0:18  Probe  
  14  0:24  Pylon  
  14  0:31  Probe  
  15  0:39  Assimilator  
  15  0:42  Probe  
  16  0:50  Probe  
  16  0:51  Assimilator  
  17  0:58  Probe  
  17  1:01  Gateway  
  18  1:09  Probe  
  19  1:11  Pylon  
  19  1:18  Probe  
  20  1:26  Probe  
  21  1:35  Probe  
  22  1:47  Probe  
  22  1:48  Cybernetics Core  
  22  1:51  Zealot  
  25  2:00  Probe  
  26  2:12  Pylon  
  26  2:15  Warp Gate  
  26  2:25  Stalker  
  26  2:27  Stargate  
  28  2:32  Probe  
  29  2:39  Gateway  
  29  2:47  Probe  
  20  3:06  Probe  
  20  3:11  Adept  
  23  3:14  Probe  
  24  3:26  Oracle  
  27  3:31  Probe  
  28  3:47  Adept  
  28  4:01  Probe  
  29  4:03  Oracle  
  32  4:13  Probe  
  33  4:30  Stalker x2  
  31  4:40  Oracle  
  31  4:42  Probe  
  13  5:23  Oracle  
Show
View Real Time Build Order
Export as new Build Order

eMercury Zerg 

Build Orders: Pool Only, Ravager All-In 

Get SALT Encoding   

  12  0:18  Spawning Pool  
  11  0:23  Drone  
  11  0:28  Drone  
  13  0:31  Extractor  
  12  0:41  Drone x2  
  14  0:46  Extractor  
  13  0:51  Drone  
  14  1:07  Roach Warren  
  13  1:21  Drone  
  13  1:22  Overlord  
  14  1:46  Roach  
  18  1:47  Roach  
  18  1:49  Roach  
  20  1:59  Roach  
  22  2:11  Overlord  
  22  2:32  Ravager x4  
  22  2:36  Roach  
  28  2:48  Overlord  
  28  2:58  Roach  
  30  3:11  Roach  
  32  3:14  Ravager  
  33  3:20  Roach  
  33  3:23  Ravager  
  36  3:38  Ravager  
  36  3:39  Overlord  
  37  3:59  Roach  
  37  4:00  Roach  
  41  4:17  Overlord  
  29  4:34  Roach x3  
  35  4:41  Ravager x3  
  38  4:53  Roach  
  40  5:02  Roach  
  42  5:12  Roach  
  44  5:16  Ravager  
  45  5:27  Roach  
  47  5:33  Roach  
Show
View Real Time Build Order
Export as new Build Order

PupuDede Zerg - Winner!

Build Orders: Pool First 

Get SALT Encoding   

  12  0:01  Drone  
  13  0:12  Overlord  
  13  0:17  Drone  
  14  0:32  Drone  
  14  0:33  Drone  
  16  0:46  Spawning Pool  
  16  0:48  Drone  
  16  0:49  Extractor  
  15  0:53  Drone  
  16  0:58  Drone  
  17  1:07  Overlord  
  17  1:33  Zergling x4  
  17  1:34  Queen  
  17  1:39  Zergling x2  
  22  1:50  Metabolic Boost  
  22  2:00  Spine Crawler  
  21  2:06  Zergling x4  
  23  2:17  Spine Crawler  
  20  2:30  Drone x2  
  22  2:43  Drone  
  22  2:44  Drone x3  
  26  2:45  Overlord  
  23  3:18  Zergling x2  
  23  3:19  Zergling x4  
  26  3:28  Hatchery  
  26  3:32  Hatchery  
  24  3:49  Zergling x8  
  28  3:56  Spine Crawler  
  28  4:00  Zergling x2  
  28  4:06  Zergling x2  
  29  4:17  Spore Crawler  
  29  4:19  Drone x2  
  29  4:20  Drone  
  27  4:30  Zergling x4  
  26  4:46  Zergling x4  
  26  4:48  Queen  
  30  4:58  Zergling x6  
  30  4:59  Zergling x2  
  34  5:03  Spore Crawler  
  29  5:19  Zergling x8  
  32  5:33  Zergling x2  
  33  5:52  Zergling x8  
  33  5:53  Zergling x2  
Show
View Real Time Build Order
Export as new Build Order

PureLegacy Terran - Winner!

Build Orders:  

Get SALT Encoding   

  12  0:01  SCV  
  13  0:13  SCV  
  14  0:18  Supply Depot  
  14  0:25  SCV  
  15  0:29  Refinery  
  15  0:40  SCV  
  16  0:46  Barracks  
  16  0:52  SCV  
  17  1:02  Barracks  
  17  1:16  Barracks  
  17  1:20  SCV  
  18  1:33  Reaper  
  18  1:39  Orbital Command  
  19  1:47  Refinery  
  19  1:50  Reaper  
  20  1:58  Supply Depot  
  20  2:03  Reaper  
  20  2:08  Reaper  
  22  2:25  Reaper  
  22  2:27  Barracks  
  23  2:34  Barracks  
  23  2:38  Reaper  
  23  2:43  Reaper  
  25  2:46  SCV  
  26  2:57  Reaper  
  27  3:10  Supply Depot  
  27  3:12  Reaper  
  28  3:18  Reaper  
  28  3:19  Reaper  
  30  3:23  Reaper  
  31  3:32  SCV  
  32  3:38  Reaper  
  33  3:47  Reaper  
  33  3:49  SCV  
  34  3:55  Command Center  
  34  3:59  Reaper  
  34  4:01  Reaper  
  36  4:04  SCV  
  37  4:12  Barracks Tech Lab  
  37  4:16  SCV  
  32  4:37  Marine x2  
  34  4:38  Marine  
  34  4:43  Marine  
  34  4:44  Marine  
  36  4:59  Marine x3  
  13  5:51  Orbital Command  
  13  5:53  SCV  
Tags
 
Add a new tag
Caveats
  • Supply blocks, unpowered buildings, or Contaminate may cause inaccurate times.
  • Supply counts are checked every 10 seconds.